 Dungeon Crawl Stone Soup version 0.30-a0-222-ge547ba4400 (webtiles) character file.

Game seed: 5820916264727361345

16909 ifgb the Covert (level 12, 0/60 HPs)
             Began as a Spriggan Enchanter on Oct 9, 2022.
             Was a High Priest of Dithmenos.
             Constricted to death by Jorgrun (13 damage)
             ... on level 12 of the Dungeon.
             The game lasted 00:37:28 (12859 turns).

ifgb the Covert (Spriggan Enchanter)               Turns: 12859, Time: 00:37:29

Health: 0/60       AC:  7    Str:  7    XL:     12   Next: 14%
Magic:  24/28      EV: 21    Int: 16    God:    Dithmenos [*****.]
Gold:   1326       SH:  0    Dex: 20    Spells: 20/34 levels left

rFire   . . .      SeeInvis +    s - +5 dagger (elec)
rCold   + . .      Faith    .    E - orb {guile}
rNeg    . . .      Spirit   .    j - +0 steam dragon scales
rPois   .          Reflect  .    (helmet restricted)
rElec   .          Harm     .    F - +1 cloak {Will+}
rCorr   .          Rampage  .    (gloves unavailable)
Will    +....                    (boots unavailable)
Stlth   ++++++++++               D - amulet of magic regeneration
HPRegen 0.30/turn                t - ring of wizardry
MPRegen 0.61/turn                (no ring)

@: grasped by roots, wreathed by umbra, constricted, very quick
A: very small, no large weapons, unfitting armour, see invisible, speed 3, agile
1, cold resistance 1, noise suppression
a: Renounce Religion, Shadow Step, Shadow Form


You were on level 12 of the Dungeon.
You worshipped Dithmenos.
Dithmenos was extremely pleased with you.
You visited 2 branches of the dungeon, and saw 13 of its levels.
You also visited: Sewer.

You collected 1768 gold pieces.
You spent 442 gold pieces at shops.

Inventory:

Hand Weapons
 a - a +2 dagger
 s - a +5 dagger of electrocution (weapon)
Missiles
 f - 6 curare-tipped darts (quivered)
 w - 2 throwing nets
Armour
 j - +0 steam dragon scales (worn)
 v - the +1 robe of Pathos {rC+ rN+}
   (You found it on level 4 of the Dungeon)

   rC:        It protects you from cold.
   rN:        It protects you from negative energy.
 E - an orb of guile (worn)
 F - a +1 cloak of willpower (worn)
Jewellery
 t - a ring of wizardry (left hand)
 D - an amulet of magic regeneration (around neck)
Wands
 n - a wand of paralysis (19)
 A - a wand of mindburst (7)
 C - a wand of roots (7)
Scrolls
 e - 4 scrolls of teleportation
 o - 2 scrolls of blinking
 p - 2 scrolls of fog
 q - 3 scrolls of vulnerability
 r - 3 scrolls of amnesia
 y - a scroll of fear
 B - a scroll of magic mapping
Potions
 b - a potion of berserk rage
 c - 3 potions of invisibility
 d - a potion of cancellation
 g - 6 potions of heal wounds
 h - 2 potions of haste
 i - 3 potions of lignification
 k - 9 potions of curing
 l - 5 potions of might
 m - 3 potions of brilliance
 u - 4 potions of flight
 x - 2 potions of mutation
 z - 3 potions of resistance


   Skills:
 + Level 5.4 Fighting
 + Level 7.4 Short Blades
 + Level 9.1 Dodging
 + Level 14.6 Stealth
 + Level 11.9 Spellcasting
 + Level 12.1 Hexes


You had 20 spell levels left.
You knew the following spells:

 Your Spells              Type           Power      Damage    Failure   Level
a - Ensorcelled Hibernat  Hex/Ice        56%        N/A       1%          2
b - Tukima's Dance        Hex            48%        N/A       1%          3
c - Dazzling Flash        Conj/Hex       56%        N/A       1%          3
d - Confusing Touch       Hex            48%        N/A       1%          3
e - Summon Guardian Gole  Hex/Summ       28%        N/A       1%          3

Your spell library contained the following spells:

 Spells                   Type           Power      Damage    Failure   Level
 Portal Projectile        Hex/Tloc       56%        N/A       1%          3
 Kiss of Death            Conj/Necr      36%        2d8       3%          1
 Sting                    Tmut/Pois      36%        1d4       3%          1
 Metabolic Englaciation   Hex/Ice        14%        N/A       7%          5
 Silence                  Hex/Air        14%        N/A       7%          5
 Gell's Gravitas          Tloc           9%         N/A       9%          3
 Lesser Beckoning         Tloc           18%        N/A       9%          3
 Ozocubu's Armour         Ice            9%         N/A       9%          3
 Teleport Other           Tloc           9%         N/A       9%          3
 Agony                    Necr           9%         N/A       61%         5
 Blade Hands              Tmut           4%         N/A       61%         5
 Simulacrum               Ice/Necr       4%         N/A       98%         6
 Orb of Destruction       Conj           4%         9d5       100%        7
 Spellforged Servitor     Conj/Summ      4%         N/A       100%        7


Dungeon Overview and Level Annotations

Branches:
Dungeon (12/15)            Temple (1/1) D:4            Lair (0/5) D:11
    Orc (0/2) D:9           Sewer (visited)

Altars:
Ashenzari
Cheibriados
Dithmenos
Elyvilon
Fedhas
Gozag
Hepliaklqana
Kikubaaqudgha
Makhleb
Nemelex Xobeh
Okawaru
Ru
Sif Muna
Trog
Uskayaw
Vehumet
Wu Jian
Xom
Yredelemnul
Zin
The Shining One

Shops:
D:3 !=[(   D:6 :   D:8 (

Annotations:
D:12 1 runed translucent door, Jorgrun; Zarkath's ghost, journeyman FoFi
Temple 2 transporters


Innate Abilities, Weirdness & Mutations

You are very small and have problems with some larger weapons.
You are too small for most types of armour.
You have supernaturally acute eyesight. (SInv)
You cover ground extremely quickly. (Speed+++)
You are agile. (Dex +4, Str/Int -1)
Your flesh is cold resistant. (rC+)
You passively dampen the noise of your surroundings.


Message History

Dithmenos accepts your kill.
Jorgrun shouts!
Jorgrun points at you and mumbles some strange words.
Roots burst forth from the earth!
The grasping roots grab you! The grasping roots constrict you.
You escape the roots grasp.
Jorgrun says, "May tha earth consume ye!"
Jorgrun misses you.
You hit Jorgrun.
Jorgrun is lightly wounded.
Your shadow hits Jorgrun with a dagger.
Casting: Ensorcelled Hibernation (safe; 1% risk of failure)
Confirm with . or Enter, or press ? or * to list all spells.
Aiming: Ensorcelled Hibernation (safe; 1% risk of failure)
Press: ? - help, Shift-Dir - straight line, f - Jorgrun
Aim: Jorgrun, wielding a +0 vorpal quarterstaff and wearing a +0 robe (lightly wounded, umbra, chance to affect: 41%) Jorgrun resists with almost no effort.
Jorgrun gestures at you while chanting.
Roots burst forth from the earth!
The grasping roots grab you! The grasping roots constrict you!
Unknown command.
Casting: Ensorcelled Hibernation (safe; 1% risk of failure)
Confirm with . or Enter, or press ? or * to list all spells.
Aiming: Ensorcelled Hibernation (safe; 1% risk of failure)
Press: ? - help, Shift-Dir - straight line, f/p - Jorgrun
Aim: Jorgrun, wielding a +0 vorpal quarterstaff and wearing a +0 robe (lightly wounded, umbra, chance to affect: 41%) Jorgrun resists with almost no effort.
Jorgrun hits you with a +0 vorpal quarterstaff!
The grasping roots constrict you!
* * * LOW HITPOINT WARNING * * *
Casting: Ensorcelled Hibernation (safe; 1% risk of failure)
Confirm with . or Enter, or press ? or * to list all spells.
Aiming: Ensorcelled Hibernation (safe; 1% risk of failure)
Press: ? - help, Shift-Dir - straight line, f/p - Jorgrun
Aim: Jorgrun, wielding a +0 vorpal quarterstaff and wearing a +0 robe (lightly wounded, umbra, chance to affect: 41%) Jorgrun resists with almost no effort.
Jorgrun misses you. The grasping roots constrict you!
You die...

## .### . #..# #. #..# #### .
#####..##. .#.# #. ##..##..#
.## #...# ## #.#
#...##..###.# ....#####. #.
....##..##..#####g.....##..##
## ##..##..##......@#
........####.
#......##......##
.........##. ##......#......#
#.......... #.............#
#..........
##..####....###.)#
#.......... ...## ##..##
#..... #.......... ..## ##.#
##.....##........## ..# #.#
#....#.........## #.## #!.
$..............#


You could see Jorgrun.

Vanquished Creatures
  A boulder beetle (D:12)
  2 two-headed ogres
  Pikel (D:7)
  A cyclops (D:11)
  2 manticores
  A gargoyle (D:11)
  Psyche (D:9)
  3 trolls (D:11)
  2 polar bears (D:9)
  Grinder (D:6)
  A hornet (D:8)
  3 wyverns
  A water elemental (D:11)
  A vampire (D:12)
  Eustachio (D:6)
  27 yaks
  An unseen horror simulacrum (D:9)
  5 vampire mosquitoes (D:11)
  A basilisk (D:11)
  A steam dragon (D:9)
  3 acid dragons
  3 water moccasins
  A sky beast (D:6)
  3 black bears
  5 ice beasts
  8 orc warriors
  2 wolves (D:9)
  2 centaurs (D:9)
  3 kobold brigands
  4 bullfrogs
  2 scorpions
  3 wights
  14 killer bees
  3 howler monkeys
  5 electric eels (D:11)
  A jelly (D:6)
  An orc priest (D:5)
  3 gnoll boudas
  2 hounds (D:5)
  8 orc wizards
  5 iguanas
  14 gnolls
  7 adders
  A river rat (D:3)
  2 white imps
  A howler monkey simulacrum (D:9)
  3 ufetubi
  A worm (D:2)
  2 dart slugs (D:1)
  30 orcs
  15 endoplasms
  15 giant cockroaches
  10 hobgoblins
  4 jackals (D:1)
  4 quokkas
  12 ball pythons
  4 bats
  8 frilled lizards
  8 goblins
  28 kobolds
  11 rats
318 creatures vanquished.

Vanquished Creatures (collateral kills)
  Edmund (D:4)
  2 ogres (D:5)
  Blork the orc (D:6)
  6 wights
  3 gnolls
  A shadow imp (D:7)
  7 orcs
  A hobgoblin (D:5)
  A goblin (D:5)
  A kobold (D:5)
24 creatures vanquished.

Vanquished Creatures (others)
  6 dancing weapons
  An orc (D:5)
  A bat (D:1)
  A kobold (D:5)
  21 plants
30 creatures vanquished.

Grand Total: 372 creatures vanquished

Notes
Turn   | Place    | Note
-------+----------+-------------------------------------------
     0 | D:1      | ifgb the Spriggan Enchanter began the quest for the Orb.
     0 | D:1      | Reached XP level 1. HP: 9/9 MP: 5/5
   206 | D:1      | Reached XP level 2. HP: 13/13 MP: 7/7
   216 | D:1      | Learned a level 2 spell: Ensorcelled Hibernation
   256 | D:1      | Found a faded altar of an unknown god.
   386 | D:1      | Reached XP level 3. HP: 13/16 MP: 6/9
  1294 | D:2      | Reached XP level 4. HP: 13/21 MP: 3/11
  1681 | D:3      | Found a glowing drain.
  1697 | D:3      | Reached skill level 5 in Hexes
  1778 | Sewer    | Entered a sewer
  2254 | Sewer    | Reached XP level 5. HP: 17/24 MP: 8/13
  2352 | Sewer    | Reached skill level 5 in Spellcasting
  2465 | Sewer    | Reached skill level 5 in Stealth
  2468 | Sewer    | Reached XP level 6. HP: 18/28 MP: 5/15
  2711 | D:3      | Found Uwkir's Weapon Boutique.
  2775 | D:3      | Bought a +0 dagger of electrocution for 98 gold pieces
  3081 | D:3      | Learned a level 3 spell: Tukima's Dance
  3085 | D:3      | Learned a level 3 spell: Confusing Touch
  3230 | D:3      | Learned a level 3 spell: Dazzling Flash
  3241 | D:3      | Found Jayshrinu's Distillery.
  3246 | D:3      | Bought a potion of curing for 30 gold pieces
  3246 | D:3      | Bought a potion of heal wounds for 50 gold pieces
  3275 | D:3      | Found Fayffim's Jewellery Shoppe.
  3284 | D:3      | Learned a level 3 spell: Summon Guardian Golem
  3434 | D:3      | Identified the +0 ring mail of a Labyrinth {Dex+3}
  3465 | D:3      | Found Ixtyj's Armour Boutique.
  3556 | D:3      | Bought a potion of heal wounds for 50 gold pieces
  3598 | D:4      | Reached skill level 6 in Stealth
  3881 | D:4      | Noticed Edmund
  3894 | D:4      | Killed Edmund
  3931 | D:4      | Reached XP level 7. HP: 32/32 MP: 14/17
  4041 | D:4      | Identified the +1 robe of Pathos {rC+ rN+}
  4143 | D:4      | Found a staircase to the Ecumenical Temple.
  4341 | Temple   | Entered the Ecumenical Temple
  4341 | Temple   | Found a transporter.
  4341 | Temple   | Found a transporter.
  4343 | Temple   | Found a transporter.
  4343 | Temple   | Found a transporter.
  4354 | Temple   | Became a worshipper of Dithmenos the Shadowed
  4706 | D:4      | Reached skill level 7 in Stealth
  4939 | D:5      | Entered Level 5 of the Dungeon
  5176 | D:5      | Reached skill level 8 in Stealth
  5187 | D:5      | Reached XP level 8. HP: 32/36 MP: 14/20
  5192 | D:5      | Reached * piety under Dithmenos
  5259 | D:5      | Reached skill level 9 in Stealth
  5429 | D:5      | Identified a scroll of acquirement
  5429 | D:5      | Acquired 1020 gold pieces
  5448 | D:5      | Found a broken altar of Ashenzari.
  5679 | D:5      | Reached ** piety under Dithmenos
  6034 | D:5      | Reached skill level 10 in Stealth
  6311 | D:6      | Reached XP level 9. HP: 26/39 MP: 10/23
  6381 | D:6      | Noticed Eustachio
  6409 | D:6      | Killed Eustachio
  6534 | D:6      | Found a blossoming altar of Fedhas.
  6605 | D:6      | Found Coffaff's Book Shoppe.
  6663 | D:6      | Noticed Grinder
  6666 | D:6      | Paralysed by Grinder for 3 turns
  6676 | D:6      | Killed Grinder
  6677 | D:6      | Reached skill level 1 in Fighting
  6677 | D:6      | Reached skill level 11 in Stealth
  6792 | D:6      | Noticed Blork the orc
  6798 | D:6      | Killed Blork the orc
  6862 | D:6      | Found a bloodstained altar of Trog.
  6900 | D:6      | Found a shimmering blue altar of Sif Muna.
  6923 | D:6      | Got Sif Muna's Dissertation on Dark Transfiguration
  7190 | D:7      | Noticed Pikel
  7206 | D:7      | Killed Pikel
  7364 | D:7      | Gained mutation: You passively dampen the noise of your
                  | surroundings. [potion of mutation]
  7364 | D:7      | Gained mutation: You are agile. (Dex +4, Str/Int -1)
                  | [potion of mutation]
  7364 | D:7      | Gained mutation: Your flesh is cold resistant. (rC+)
                  | [potion of mutation]
  7406 | D:7      | Found a sparkling altar of Nemelex Xobeh.
  7413 | D:7      | Found a glowing silver altar of Zin.
  7415 | D:7      | Reached skill level 10 in Hexes
  7424 | D:7      | Found a basalt altar of Yredelemnul.
  7426 | D:7      | Found an opulent altar of Gozag.
  7426 | D:7      | Found a burning altar of Makhleb.
  7427 | D:7      | Found an ornate altar of the Wu Jian Council.
  7438 | D:7      | Found a snail-covered altar of Cheibriados.
  7635 | D:7      | Reached *** piety under Dithmenos
  7847 | D:8      | Reached skill level 5 in Dodging
  7847 | D:8      | Reached XP level 10. HP: 42/47 MP: 15/24
  7922 | D:8      | Identified the +1 pair of boots of the Bull {Contam MP+9
                  | Stlth+}
  8397 | D:8      | Found Uriaggo's Weapon Shoppe.
  8458 | D:8      | Reached skill level 12 in Stealth
  8490 | D:9      | Reached skill level 10 in Spellcasting
  8861 | D:9      | Noticed Psyche
  8867 | D:9      | Killed Psyche
  9007 | D:9      | Found a staircase to the Orcish Mines.
  9206 | D:9      | Reached skill level 5 in Short Blades
  9467 | D:9      | Reached **** piety under Dithmenos
  9969 | D:10     | Entered Level 10 of the Dungeon
 10147 | D:10     | Reached skill level 13 in Stealth
 10158 | D:10     | Reached XP level 11. HP: 20/53 MP: 9/26
 10960 | D:11     | Noticed a two-headed ogre
 10963 | D:11     | Killed a two-headed ogre
 11116 | D:11     | Found a staircase to the Lair.
 11459 | D:11     | Reached ***** piety under Dithmenos
 11573 | D:11     | Reached skill level 14 in Stealth
 11645 | D:11     | Reached skill level 5 in Fighting
 12217 | D:3      | Bought a +1 cloak of willpower for 214 gold pieces
 12391 | D:12     | Found a runed translucent door.
 12428 | D:12     | Noticed Zarkath's ghost (journeyman FoFi)
 12582 | D:12     | Reached XP level 12. HP: 54/60 MP: 18/28
 12818 | D:12     | Noticed a boulder beetle
 12825 | D:12     | Killed a boulder beetle
 12844 | D:12     | Noticed a two-headed ogre
 12846 | D:12     | Noticed Jorgrun
 12852 | D:12     | Killed a two-headed ogre
 12859 | D:12     | Constricted to death by Jorgrun

Illustrated notes

Levels and vault maps discovered:
D:1:      giann_bridges, layout_basic, chequers_ecumenical_altar_simple_redux
D:2:      layout_loops_ring, minmay_misc_feat_columns
D:3:      layout_basic, serial_shops, shop, nicolae_shop_window_shopping,
          nicolae_shop_trees, nicolae_shop_trees, portal_sewer_entry_a
D:4:      layout_layer_cave, minmay_temple_entry_statues_pillars, uniq_edmund
D:5:      corexii_shantytown, layout_rooms, ashenzari_altar_1
D:6:      layout_rooms, nzn_overflow_gifts_of_might_and_magic,
          mainiacjoe_overflow_concentric_impassable, serial_shops,
          nicolae_diamond_shop, uniq_grinder, uniq_eustachio, uniq_blork_the_orc
D:7:      layout_rooms, nicolae_overflow_hallway_of_the_gods, uniq_pikel
D:8:      layout_rooms, serial_shops, nicolae_shop_bloodbath_and_beyond,
          glass_columns_a, hangedman_glass_teeth, supply_closet_lemuel,
          nicolae_figureground_pulse
D:9:      layout_loops_ring, david_orc_3, serial_ice, serial_ice_b,
          serial_ice_m, serial_ice_n, serial_ice_f, uniq_psyche
D:10:     layout_gridville
D:11:     layout_basic, minmay_lair_entry_grove, abandoned_shop
D:12:     layout_layer_cave, gammafunk_ghost_grave, uniq_jorgrun
Temple:   hellmonk_temple_divided_pantheon

Skill      XL: |  1  2  3  4  5  6  7  8  9 10 11 12 |
---------------+-------------------------------------+-----
Spellcasting   | 3 4 5 6 7 9 10 11 | 11.9
Hexes          | 4 5 6 7 9 10 11 12 | 12.1
Stealth        | 5 6 8 10 11 13 14 | 14.6
Dodging        | 5 6 8 9 |  9.1
Fighting       | 2 4 5 |  5.4
Short Blades   | 3 5 7 |  7.4

Action                   |  1- 3 |  4- 6 |  7- 9 | 10-12 || total
-------------------------+-------+-------+-------+-------++-------
Melee: Dagger            |    77 |   223 |   327 |   248 ||   875
       Punch             |       |     1 |     5 |     2 ||     8
 Cast: Ensorcelled Hiber |     9 |    24 |    32 |    71 ||   136
       Tukima's Dance    |       |     6 |    28 |    12 ||    46
       Confusing Touch   |       |       |     5 |    10 ||    15
  Use: Potion            |     1 |       |     4 |       ||     5
       Scroll            |     4 |    10 |    11 |     4 ||    29
 Stab: Sleeping          |    20 |    18 |    22 |    87 ||   147
       Invisible         |     4 |       |     3 |       ||     7
       Confused          |       |       |     5 |     9 ||    14
       Distracted        |       |       |     4 |     2 ||     6
Armor: Robe              |    11 |    19 |    20 |     4 ||    54
       Steam dragon scal |       |       |       |    14 ||    14
Dodge: Dodged            |    75 |   199 |   299 |   179 ||   752

Table legend: (Time is in decaauts)
 A = Elapsed time spent in this place.
 B = Non-inter-level travel time spent in this place.
 C = Inter-level travel time spent in this place.
 D = Time resting spent in this place.
 E = Time spent auto-exploring this place.
 F = Levels seen in this place.
 G = Mean time per level.
                   A        B        C        D        E       F      G
               +--------+--------+--------+--------+--------+-----+--------+
         Total |   9685 |   9288 |    397 |    630 |   6409 |  14 |  691.8 |
       Dungeon |   8832 |   8435 |    397 |    544 |   5948 |  12 |  736.0 |
        Temple |     21 |     21 |      0 |      0 |      0 |   1 |   21.0 |
         Sewer |    831 |    831 |      0 |     86 |    460 |   1 |  831.0 |
               +--------+--------+--------+--------+--------+-----+--------+

Top non-repeatable levels by time:
     D:9: 1053 daAuts
     D:5: 972 daAuts
     D:4: 881 daAuts
    D:11: 842 daAuts
   Sewer: 831 daAuts
     D:3: 759 daAuts
    D:10: 754 daAuts
     D:6: 712 daAuts
     D:7: 688 daAuts
     D:2: 624 daAuts
     D:1: 615 daAuts
     D:8: 597 daAuts
    D:12: 330 daAuts
  Temple: 21 daAuts
